 Dungeon Crawl Stone Soup version 0.31-a0-507-gbafd7f5274 (webtiles) character file.

Game seed: 15248618724755751672

33575 Newt the Spry (level 13, 0/92 HPs)
             Began as a Merfolk Shapeshifter on Aug 9, 2023.
             Was a High Priest of Hepliaklqana.
             Slain by a skeletal warrior
             ... wielding a +0 trident
              (14 damage)
             ... on level 14 of the Dungeon.
             The game lasted 00:22:53 (15754 turns).

Newt the Spry (Merfolk Shapeshifter)               Turns: 15754, Time: 00:22:53

Health: 0/92       AC: 11    Str: 23    XL:     13   Next: 71%
Magic:  21/21      EV: 30    Int:  7    God:    Hepliaklqana [*****.]
Gold:   121        SH:  0    Dex: 24    Spells: 20/23 levels left

rFire   + . .        k - melded +1 club
rCold   . . .        (shield currently unavailable)
rNeg    . . .        e - +0 leather armour of Thoughtfulness {Rampage rF+ Str+3 Slay+2}
rPois   .            Z - +0 hat of Bellicose Salvation {+Blink SInv}
rElec   .            R - +2 cloak {rCorr}
rCorr   +            w - +1 pair of gloves {Dex+3}
SInv    +            m - +2 pair of boots {Stlth+}
Will    .....        (no amulet)
Stlth   ++           A - +6 ring of dexterity
HPRegen 0.35/turn    z - +5 ring of evasion
MPRegen 0.17/turn

%: rampage
@: flux-form, glowing
A: glow, contaminating, reduced essence, (nimble swimmer 2), mertail
a: Begin Untransformation, Renounce Religion, Evoke Blink, Recall Ancestor,
Ancestor Identity, Transference, Idealise


You were on level 14 of the Dungeon.
You worshipped Hepliaklqana.
Hepliaklqana was extremely pleased with you.
You were something dangerously unstable.
You visited 1 branch of the dungeon, and saw 15 of its levels.
You also visited: Ossuary.

You collected 1273 gold pieces.
You spent 1152 gold pieces at shops.

Inventory:

Hand Weapons
 k - a +1 club (melded)
 t - a +0 short sword
Missiles
 g - 29 boomerangs
Armour
 a - a +0 animal skin
 e - the +0 leather armour of Thoughtfulness (worn) {Rampage rF+ Str+3 Slay+2}
   (You found it on level 2 of the Dungeon)

   Str+3:     It affects your strength (+3).
   Slay+2:    It affects your accuracy & damage with ranged weapons and melee
   (+2).
   rF+:       It protects you from fire.
   Rampage:   It bestows one free step when moving towards enemies.
 m - a +2 pair of boots of stealth (worn)
 v - a +0 helmet
 w - a +1 pair of gloves of dexterity (worn)
 C - the +1 robe of the Beginning {rElec Stlth+}
   (You found it on level 6 of the Dungeon)

   rElec:     It insulates you from electricity.
   Stlth+:    It makes you more stealthy.
 H - a +2 hat of willpower
 Q - a scarf of invisibility
 R - a +2 cloak of preservation (worn)
 S - the +0 chain mail of Space {Str+6 Stlth-}
   (You bought it in a shop on level 13 of the Dungeon)

   Str+6:     It affects your strength (+6).
   Stlth-:    It makes you less stealthy.
 Z - the +0 hat of Bellicose Salvation (worn) {+Blink SInv}
   (You bought it in a shop on level 14 of the Dungeon)

   SInv:      It lets you see invisible.
   +Blink:    It lets you blink.
Jewellery
 r - a ring of see invisible
 z - a +5 ring of evasion (right hand)
 A - a +6 ring of dexterity (left hand)
 U - a ring of wizardry
 W - a +4 ring of slaying
Talismans
 c - a beast talisman
 d - a flux talisman (active)
Wands
 q - a wand of flame (48)
 s - a wand of polymorph (28)
 x - a wand of quicksilver (11)
 y - a wand of charming (23)
 L - a wand of digging (7)
 M - a wand of iceblast (2)
Scrolls
 o - 6 scrolls of teleportation
 D - 2 scrolls of revelation
 E - 2 scrolls of amnesia {unknown}
 F - 2 scrolls of butterflies {unknown}
 G - 2 scrolls of enchant armour
 I - a scroll of fear
 N - a scroll of brand weapon {unknown}
 P - 2 scrolls of identify
 T - 3 scrolls of enchant weapon
 X - 3 scrolls of fog
Potions
 b - 6 potions of lignification
 f - 2 potions of haste
 h - a potion of enlightenment
 i - 3 potions of curing
 j - 2 potions of heal wounds
 l - a potion of invisibility
 n - 4 potions of berserk rage
 p - 2 potions of degeneration {unknown}
 u - a potion of attraction
 B - 3 potions of brilliance {unknown}
 J - a potion of might {unknown}
 K - a potion of cancellation
 V - a potion of resistance {unknown}
 Y - a potion of mutation {unknown}
Miscellaneous
 O - a box of beasts


   Skills:
 - Level 10.0 Fighting
 - Level 15.1 Dodging
 - Level 7.0 Stealth
 - Level 3.2 Unarmed Combat
 - Level 5.8 Spellcasting
 - Level 4.8 Translocations
 - Level 5.2 Air Magic
 + Level 5.5 Invocations
 - Level 8.9 Evocations
 - Level 11.0 Shapeshifting


You had 20 spell levels left.
You knew the following spells:

 Your Spells              Type           Power      Damage    Failure   Level
a - Vhi's Electric Charg  Tloc/Air       18%        N/A       11%         3

Your spell library contained the following spells:

 Spells                   Type           Power      Damage    Failure   Level
 Swiftness                Air            9%         N/A       11%         3
 Foxfire                  Conj/Fire      8%         2x1d4     30%         1
 Sandblast                Erth           4%         2d4       30%         1
 Slow                     Hex            8%         N/A       30%         1
 Portal Projectile        Hex/Tloc       10%        N/A       32%         3
 Ensorcelled Hibernation  Hex/Ice        4%         N/A       41%         2
 Passwall                 Tmut/Erth      1%         N/A       41%         2
 Call Canine Familiar     Summ           2%         N/A       65%         3
 Confusing Touch          Hex            2%         N/A       65%         3
 Stone Arrow              Conj/Erth      4%         3d7       65%         3
 Vampiric Draining        Necr           2%         2d6       65%         3
 Arcjolt                  Conj/Air       2%         1d12      95%         5
 Leda's Liquefaction      Hex/Erth       1%         N/A       96%         4
 Plasma Beam              Fire/Air       2%         2x1d12    100%        6
 Starburst                Conj/Fire      1%         6d3       100%        6


Dungeon Overview and Level Annotations

Branches:
Dungeon (15/15)            Temple (0/1) D:4            Lair (0/5) D:10
    Orc (0/2) D:9          Vaults (0/5) D:13        Ossuary (visited)
 Depths: D:15

Altars:
Ashenzari
Cheibriados
Gozag
Hepliaklqana
Kikubaaqudgha
Makhleb
Nemelex Xobeh
Qazlal
Ru
Trog
Uskayaw
Vehumet
Xom
Yredelemnul
Zin

Shops:
D:3 [   D:6 :   D:13 [[[*   D:14 [:


Innate Abilities, Weirdness & Mutations

You are something dangerously unstable.
You glow with magical radiation, making you easy to see and hit.
Foes you strike become dangerously contaminated with magical radiation.
You are incapable of wielding weapons or throwing items.
Your life essence is reduced to manifest your ancestor. (-10% HP)
((You are very nimble when in or above water. (Stealth+, EV+, Speed+++)))
Your lower body shifts to a powerful aquatic tail in water.


Message History

* * * LOW HITPOINT WARNING * * *
Cynebald hits the skeletal warrior with a +0 dagger of draining.
Cynebald hits the skeletal warrior but does no damage.
You hit the skeletal warrior.
The skeletal warrior glows dangerously bright.
The skeletal warrior is severely damaged.
The skeletal warrior completely misses you.
The skeletal warrior hits you with a +0 trident!
* * * LOW HITPOINT WARNING * * *
Cynebald hits the skeletal warrior but does no damage. x2
Okay, then.
You feel much better.
The skeletal warrior hits you with a +0 halberd.
* * * LOW HITPOINT WARNING * * *
The skeletal warrior hits you with a +0 trident!
* * * LOW HITPOINT WARNING * * *
Cynebald points at the skeletal warrior and mumbles some strange words.
The skeletal warrior resists with almost no effort.
Unknown command.
You hit the skeletal warrior but do no damage.
The skeletal warrior shudders as magic cascades through it!!
The skeletal warrior is almost destroyed.
The skeletal warrior completely misses you.
The skeletal warrior hits you with a +0 trident.
* * * LOW HITPOINT WARNING * * *
Cynebald hits the skeletal warrior with a +0 dagger of draining.
You hit the skeletal warrior but do no damage.
The skeletal warrior begins to glow.
The skeletal warrior is almost destroyed.
Cynebald hits the skeletal warrior but does no damage.
The skeletal warrior closely misses you.
The skeletal warrior hits Cynebald with a +0 halberd!!
Cynebald hits the skeletal warrior but does no damage.
You hit the skeletal warrior but do no damage.
The skeletal warrior glows dangerously bright.
The skeletal warrior is almost destroyed.
Cynebald points at the skeletal warrior and mumbles some strange words.
The skeletal warrior resists with almost no effort.
The skeletal warrior hits you with a +0 trident!
You die...

##...........# #.##.#########
########.##### #.##.......... #
#.# #.##.......### #.#
#.###.####.# #.# #.# #.# #.# #.#
#####.# #.# #.# ######.#
#R..(.###.# #.### #......#
#z######..####....
#.############B# #.........###
#.##.........#z# ##.....###.##.
#.##.#######.#.###......^##.###
#.##.# ##R#.#......(...#.###
###.##.######R#..#.#.............
.............###.#.##.....###.###
######.######.#.##.##............
.........# ##.###.##.#.#####.###
######.#.# #.# #.##.### #.#


You could see the friendly Cynebald the hexer and 2 skeletal warriors.

Vanquished Creatures
  Gastronok (D:9)
  A hydra (D:13)
  A centaur warrior (D:14)
  4 two-headed ogres
  3 death yaks (D:10)
  A boulder beetle (D:14)
  A tengu warrior (D:14)
  11 ugly things
  A necromancer (D:13)
  A wizard (D:13)
  2 cyclopes
  Maurice (D:9)
  A gargoyle (D:12)
  A molten gargoyle (D:14)
  A komodo dragon (D:12)
  3 trolls
  A tarantella (shapeshifter) (D:14)
  A raiju (shapeshifter) (D:14)
  5 slime creatures
  3 shadows (D:9)
  2 vampires
  3 wyverns
  2 yaks (D:7)
  3 wraiths
  Eustachio (D:4)
  2 steam dragons
  13 vampire mosquitoes
  Menkaure (D:6)
  An acid dragon (D:10)
  2 water moccasins (D:7)
  11 orc warriors
  3 black bears
  6 ogres
  15 centaurs
  2 phantoms
  A kobold brigand (D:9)
  A necrophage (D:6)
  A gnoll sergeant (D:6)
  13 wights
  3 troll zombies (D:9)
  5 killer bees
  2 hexers (D:13)
  5 howler monkeys
  A hound (D:4)
  5 orc priests
  2 jellies
  2 gnoll boudas
  Jessica (D:2)
  13 orc wizards
  3 sleepcaps
  3 hell rats (D:10)
  2 mutant beasts (D:10)
  4 ogre zombies (D:9)
  A mummy (D:4)
  Robin (D:4)
  15 gnolls
  5 adders
  2 river rats (D:10)
  A shadow imp (D:6)
  4 white imps
  An ufetubus (D:5)
  An adder zombie (Ossuary)
  A worm (D:3)
  A dart slug (D:2)
  30 orcs
  5 bats
  6 endoplasms
  2 giant cockroaches (D:4)
  10 goblins
  6 hobgoblins
  5 quokkas
  7 ball pythons
  A ball python skeleton (Ossuary)
  4 frilled lizards
  A goblin zombie (D:9)
  3 hobgoblin skeletons
  6 hobgoblin zombies
  8 kobolds
  4 kobold zombies (Ossuary)
  4 orc skeletons
  10 orc zombies
  7 rats
330 creatures vanquished.

Vanquished Creatures (collateral kills)
  A hydra (D:14)
  Erolcha (D:10)
  2 centaur warriors (D:14)
  A two-headed ogre (D:12)
  An ugly thing (D:14)
  6 slime creatures
  2 trolls
  3 yaks (D:7)
  2 vampire mosquitoes (D:13)
  A water moccasin (D:9)
  An orc warrior (D:14)
  2 centaurs
  A wight (D:8)
  3 killer bees
  A lava snake (D:14)
  A hound (D:5)
  A jelly (D:4)
  An iguana (D:6)
  2 orc wizards (D:10)
  2 mutant beasts (D:10)
  An ogre zombie (D:9)
  A gnoll (D:8)
  An adder zombie (Ossuary)
  A worm (D:8)
  15 orcs
  2 goblins (D:4)
  3 kobolds (D:9)
  A quokka (D:10)
  A goblin zombie (D:9)
  A hobgoblin skeleton (D:9)
  A hobgoblin zombie (D:9)
  An orc skeleton (D:9)
  2 orc zombies (D:9)
66 creatures vanquished.

Vanquished Creatures (others)
  8 hexers
8 creatures vanquished.

Grand Total: 404 creatures vanquished

Notes
Turn   | Place    | Note
-------+----------+-------------------------------------------
     0 | D:1      | Newt the Merfolk Shapeshifter began the quest for the Orb.
     0 | D:1      | Reached XP level 1. HP: 15/15 MP: 1/1
   127 | D:1      | Reached XP level 2. HP: 15/21 MP: 2/2
   539 | D:1      | Reached skill level 5 in Shapeshifting
   962 | D:2      | Reached XP level 3. HP: 26/26 MP: 3/3
  1006 | D:2      | Identified the +0 leather armour of Thoughtfulness {Rampage
                  | rF+ Str+3 Slay+2}
  1019 | D:2      | Noticed Jessica
  1024 | D:2      | Killed Jessica
  1084 | D:2      | Reached XP level 4. HP: 32/32 MP: 4/4
  1518 | D:3      | Found Dienicip's Armour Emporium.
  1799 | D:3      | Found a sparkling altar of Nemelex Xobeh.
  1924 | D:3      | Reached XP level 5. HP: 26/39 MP: 5/5
  2046 | D:3      | Reached skill level 10 in Fighting
  2046 | D:3      | Reached XP level 6. HP: 58/60 MP: 6/6
  2070 | D:3      | Found a bloodstained altar of Trog.
  2126 | D:3      | Found a faded altar of an unknown god.
  2282 | D:3      | Prayed at the altar of an unknown god.
  2282 | D:3      | Became a worshipper of Hepliaklqana the Forgotten
  2282 | D:3      | Reached * piety under Hepliaklqana
  2322 | D:4      | Reached skill level 3 in Dodging
  2497 | D:4      | Found a sand-covered staircase.
  2504 | Ossuary  | Entered an ossuary
  2610 | Ossuary  | Noticed a flying skull
  2610 | Ossuary  | Noticed a wraith
  2619 | Ossuary  | Noticed a flying skull
  2621 | Ossuary  | Noticed a flying skull
  2623 | Ossuary  | Noticed a flying skull
  2623 | Ossuary  | Noticed a flying skull
  2649 | Ossuary  | Noticed a wraith
  2652 | Ossuary  | Killed a wraith
  2653 | Ossuary  | Reached skill level 4 in Dodging
  2653 | Ossuary  | Reached XP level 7. HP: 59/59 MP: 7/7
  2673 | Ossuary  | Reached skill level 5 in Dodging
  2759 | Ossuary  | Noticed a wraith
  2765 | Ossuary  | Killed a wraith
  2766 | Ossuary  | Reached skill level 6 in Dodging
  2973 | D:4      | Reached XP level 8. HP: 47/64 MP: 8/8
  3055 | D:4      | Found a radiant altar of Vehumet.
  3072 | D:4      | Noticed Robin
  3091 | D:4      | Killed Robin
  3326 | D:4      | Reached skill level 7 in Dodging
  3332 | D:4      | Noticed Eustachio
  3342 | D:4      | Killed Eustachio
  3693 | D:4      | Reached ** piety under Hepliaklqana
  3694 | D:4      | Remembered your ancestor Cynebald as a hexer
  4103 | D:4      | Found a staircase to the Ecumenical Temple.
  4114 | D:4      | Reached skill level 8 in Dodging
  4406 | D:3      | Bought a +0 pair of gloves of dexterity for 126 gold pieces
  4465 | D:5      | Entered Level 5 of the Dungeon
  4631 | D:5      | Found a burning altar of Makhleb.
  4746 | D:5      | Found a stormy altar of Qazlal.
  5205 | D:6      | Identified a scroll of acquirement
  5205 | D:6      | Acquired 440 gold pieces
  5234 | D:6      | Reached skill level 9 in Dodging
  5238 | D:6      | Reached XP level 9. HP: 45/70 MP: 9/9
  5353 | D:6      | Found a basalt altar of Yredelemnul.
  5354 | D:6      | Found an ancient bone altar of Kikubaaqudgha.
  5354 | D:6      | Noticed Menkaure
  5360 | D:6      | Found a transporter.
  5718 | D:6      | Reached skill level 10 in Dodging
  5722 | D:6      | Reached skill level 1 in Stealth
  5917 | D:6      | Found a transporter.
  6081 | D:6      | Found Limaubem's Vocational Training.
  6146 | D:6      | Killed Menkaure
  6409 | D:6      | Identified the +1 robe of the Beginning {rElec Stlth+}
  6524 | D:7      | Reached skill level 5 in Stealth
  6669 | D:7      | Reached *** piety under Hepliaklqana
  6698 | D:7      | Reached XP level 10. HP: 65/76 MP: 7/10
  6712 | D:7      | Reached skill level 1 in Spellcasting
  6716 | D:7      | Learned a level 3 spell: Vhi's Electric Charge
  6724 | D:7      | Reached skill level 1 in Air Magic
  7117 | D:8      | Reached skill level 1 in Translocations
  7334 | D:8      | Found a snail-covered altar of Cheibriados.
  7927 | D:9      | Reached **** piety under Hepliaklqana
  8062 | D:9      | Found a staircase to the Orcish Mines.
  8213 | D:9      | Found a shimmering altar of Xom.
  8213 | D:9      | Found a shimmering altar of Xom.
  8265 | D:9      | Reached XP level 11. HP: 61/81 MP: 16/16
  8357 | D:9      | Found a shimmering altar of Xom.
  8357 | D:9      | Found a shimmering altar of Xom.
  8357 | D:9      | Found a shimmering altar of Xom.
  8362 | D:9      | Found a shimmering altar of Xom.
  8362 | D:9      | Found a shimmering altar of Xom.
  8377 | D:9      | Found a broken altar of Ashenzari.
  8472 | D:9      | Noticed Gastronok
  8484 | D:9      | Killed Gastronok
  8902 | D:9      | Found a glowing silver altar of Zin.
  9068 | D:9      | Noticed Maurice
  9078 | D:9      | Killed Maurice
  9221 | D:10     | Entered Level 10 of the Dungeon
  9249 | D:10     | Found an opulent altar of Gozag.
  9270 | D:10     | Noticed a juvenile firesting beast
  9436 | D:11     | Noticed a two-headed ogre
  9443 | D:11     | Killed a two-headed ogre
  9444 | D:11     | Reached skill level 5 in Spellcasting
  9545 | D:11     | Noticed a two-headed ogre
  9552 | D:11     | Killed a two-headed ogre
  9722 | D:11     | Identified the +9 long sword "Itiquahack" {chaos, *Noise
                  | rC+ Stlth+}
  9861 | D:11     | Noticed a cyclops
  9871 | D:11     | Killed a cyclops
  9872 | D:11     | Reached skill level 5 in Air Magic
  9912 | D:11     | Noticed a two-headed ogre
  9920 | D:11     | Killed a two-headed ogre
 10259 | D:10     | Reached ***** piety under Hepliaklqana
 10332 | D:10     | Found a hide-covered altar of Uskayaw.
 10370 | D:10     | Found a hazy altar of Hepliaklqana.
 10474 | D:10     | Reached skill level 1 in Evocations
 10624 | D:10     | Noticed a death yak
 10625 | D:10     | Found a staircase to the Lair.
 10625 | D:10     | Noticed a death yak
 10625 | D:10     | Noticed a death yak
 10648 | D:10     | Killed a death yak
 10649 | D:10     | Reached XP level 12. HP: 46/87 MP: 20/20
 10665 | D:10     | Killed a death yak
 10675 | D:10     | Killed a death yak
 10942 | D:10     | Noticed Erolcha
 10953 | D:10     | Killed Erolcha
 10954 | D:10     | Reached skill level 5 in Evocations
 10987 | D:10     | Found a sacrificial altar of Ru.
 11337 | D:12     | Noticed a two-headed ogre
 11348 | D:12     | Killed a two-headed ogre
 12628 | D:13     | Found Loakh's Antique Armour Emporium.
 12637 | D:13     | Bought a runed scarf for 216 gold pieces
 12637 | D:13     | Bought an embroidered cloak for 202 gold pieces
 12642 | D:13     | Bought a crude chain mail for 256 gold pieces
 12642 | D:13     | Identified the +0 chain mail of Space {Str+6 Stlth-} (You
                  | bought it in a shop on level 13 of the Dungeon)
 12688 | D:13     | Noticed a seven-headed hydra
 12807 | D:13     | Killed a seven-headed hydra
 12954 | D:13     | Reached skill level 11 in Dodging
 13027 | D:13     | Found Piyvviext's General Store.
 13139 | D:13     | Found Huapn's Armour Shoppe.
 13304 | D:13     | Noticed a two-headed ogre
 13319 | D:13     | Reached skill level 12 in Dodging
 13323 | D:13     | Killed a two-headed ogre
 13324 | D:13     | Reached XP level 13. HP: 43/92 MP: 21/21
 13636 | D:13     | Found a gate to the Vaults.
 13729 | D:13     | Found Boteze Keginn's Armour Emporium.
 13875 | D:14     | Reached skill level 13 in Dodging
 14149 | D:14     | Reached skill level 14 in Dodging
 14641 | D:14     | Reached skill level 15 in Dodging
 14725 | D:14     | Found Obenti's Antique Armour Boutique.
 14846 | D:14     | Reached skill level 1 in Invocations
 15337 | D:14     | Found Qokap's Tiny Tomes.
 15395 | D:14     | Reached skill level 5 in Invocations
 15642 | D:14     | Bought a smouldering hat for 198 gold pieces
 15642 | D:14     | Identified the +0 hat of Bellicose Salvation {+Blink SInv}
                  | (You bought it in a shop on level 14 of the Dungeon)
 15642 | D:14     | Bought an encrusted leather armour for 154 gold pieces
 15642 | D:14     | Identified the +1 leather armour of the Slightly Bent {rN+
                  | Stlth+} (You bought it in a shop on level 14 of the
                  | Dungeon)
 15740 | D:15     | Entered Level 15 of the Dungeon
 15754 | D:14     | Slain by a skeletal warrior

Illustrated notes

Levels and vault maps discovered:
D:1:      dpeg_arrival_tiny_j, layout_basic, minivault_27
D:2:      layout_basic, grunt_ministairs_8, minmay_tromino_v4_c, uniq_jessica
D:3:      layout_rooms, mainiacjoe_overflow_alcove_1,
          nicolae_overflow_hidden_temple, shapermc_ecumenical_altar_hornbeckon,
          serial_shops, nicolae_shop_tiny_statue_garden, palyth_stone_intersect,
          minmay_surrounded
D:4:      layout_layer_cave, fiery_altar_vehumet, minmay_temple_entry_fiery,
          nicolae_ossuary_entry_giza, uniq_robin, uniq_eustachio
D:5:      layout_basic, mainiacjoe_overflow_cross_hatched,
          mainiacjoe_overflow_six_doors_small, feat_on_display
D:6:      layout_basic, gammafunk_temple_of_torment, nicolae_shop_vocational
D:7:      layout_gridville
D:8:      layout_basic, slow_altar_1, nicolae_the_louvre
D:9:      layout_irregular_city, lemuel_doored_altar, nicolae_xom_altar_mimics,
          cheibrodos_ashenzari_chains, zombieorc2_lemuel,
          minmay_misc_feat_rugged, minmay_misc_feat_square, uniq_gastronok,
          uniq_maurice
D:10:     layout_gridville, eat_drink_and_be_merry_uskayaw,
          nicolae_ru_the_path_less_chosen, nicolae_hepliaklqana_hippocampus,
          mainiacjoe_overflow_surrounded_room, dpeg_lair_monsters,
          nicolae_beast_mode, uniq_erolcha
D:11:     layout_rooms
D:12:     layout_irregular_city
D:13:     layout_loops_ring, david_vaults_1, serial_shops, shop, shop,
          shop_statue, nicolae_shop_advertising_works
          [nicolae_subvault_shop_adworks]
D:14:     layout_loops_ring, special_room [special_room_orc],
          grunt_ministairs_4, nicolae_shop_i_like_small_books_too,
          nicolae_inconvenience_store
D:15:     gammafunk_enter_depths_forms, layout_basic, minmay_misc_feat_chi,
          uniq_roxanne

Skill      XL: |  1  2  3  4  5  6  7  8  9 10 11 12 13 |
---------------+----------------------------------------+-----
Shapeshifting  | 5 6 11 | 11.0
Fighting       | 2 10 | 10.0
Dodging        | 4 6 9 10 12 15 | 15.1
Stealth        | 6 7 |  7.0
Spellcasting   | 3 5 |  5.8
Air Magic      | 3 5 |  5.2
Translocations | 2 4 |  4.8
Evocations     | 3 8 |  8.9
Invocations    | 5 |  5.5
Unarmed Combat | |  3.2

Action                     |  1- 3 |  4- 6 |  7- 9 | 10-12 | 13-15 || total
---------------------------+-------+-------+-------+-------+-------++-------
  Melee: Unarmed           |    29 |   115 |   261 |   730 |   265 ||  1400
         Club              |    26 |    19 |       |       |       ||    45
         Punch             |     1 |     2 |       |       |       ||     3
         Tailslap          |       |     2 |       |       |       ||     2
   Cast: Vhi's Electric Ch |       |       |       |    14 |     1 ||    15
 Invoke: Recall Ancestor   |       |     1 |     2 |       |       ||     3
         Ancestor Life: He |       |       |     1 |       |       ||     1
  Evoke: Wand              |       |       |       |     2 |     2 ||     4
    Use: Scroll            |     7 |     4 |     5 |     4 |       ||    20
         Potion            |       |     2 |     3 |     3 |     2 ||    10
   Stab: Sleeping          |     2 |     2 |       |     3 |     2 ||     9
         Confused          |       |       |    10 |    21 |     7 ||    38
         Distracted        |       |       |     2 |    19 |     4 ||    25
 Armour: Animal skin       |     7 |       |       |       |       ||     7
         Leather armour    |       |    25 |    42 |    83 |    40 ||   190
  Dodge: Dodged            |    38 |    78 |   185 |   798 |   264 ||  1363
   Form: Flux              |       |     1 |       |       |       ||     1

Table legend: (Time is in decaauts)
 A = Elapsed time spent in this place.
 B = Non-inter-level travel time spent in this place.
 C = Inter-level travel time spent in this place.
 D = Time resting spent in this place.
 E = Time spent auto-exploring this place.
 F = Levels seen in this place.
 G = Mean time per level.
                   A        B        C        D        E       F      G
               +--------+--------+--------+--------+--------+-----+--------+
         Total |  15691 |  15115 |    576 |   2007 |  10461 |  16 |  980.7 |
       Dungeon |  15334 |  14758 |    576 |   2007 |  10222 |  15 | 1022.3 |
       Ossuary |    357 |    357 |      0 |      0 |    239 |   1 |  357.0 |
               +--------+--------+--------+--------+--------+-----+--------+

Top non-repeatable levels by time:
    D:14: 1889 daAuts
     D:4: 1696 daAuts
    D:13: 1568 daAuts
     D:9: 1303 daAuts
     D:6: 1240 daAuts
    D:12: 1121 daAuts
    D:10: 1053 daAuts
     D:1: 946 daAuts
     D:3: 884 daAuts
    D:11: 870 daAuts
     D:8: 796 daAuts
     D:5: 732 daAuts
     D:7: 652 daAuts
     D:2: 577 daAuts
 Ossuary: 357 daAuts
